 Dungeon Crawl Stone Soup version 0.32-a0-411-g744942f433 (webtiles) character file.

Game seed: 10913010465493068535

3819 dialectric the Fighter (level 10, -5/74 (82) HPs)
             Began as a Coglin Berserker on Feb 21, 2024.
             Was an Elder of Trog.
             Slain by a wight
             ... wielding a +7 hand axe
              (7 damage)
             ... on level 8 of the Dungeon.
             The game lasted 00:13:02 (5692 turns).

dialectric the Fighter (Coglin Berserker)           Turns: 5692, Time: 00:13:03

HP:   -5/74 (82)    AC: 14    Str: 21    XL:     10   Next: 17%
MP:   10/10         EV:  7    Int:  6    God:    Trog [****..]
Gold: 279           SH:  0    Dex: 15    Spells: 9/9 levels left

rFire   . . .        D - +2 dagger (elec) {Raúl}
rCold   . . .        r - +0 dagger (flame) {Æðelind}
rNeg    . . .        c - +0 plate armour
rPois   .            (no helmet)
rElec   .            E - +0 cloak
rCorr   .            (no gloves)
SInv    +            (no boots)
Will    .....        (no amulet) Stlth
                     k - ring of see invisible
HPRegen 1.12/turn    (no ring)
MPRegen 0.12/turn

%: clarity
@: on berserk cooldown, slowed, drained, unable to read, revved, very slow
A: off-hand wielding, slow wielding, warmup strikes, legs shutdown, clarity,
regeneration 1, inability to read after injury 1
a: Renounce Religion, Berserk, Trog's Hand, Brothers in Arms


You were on level 8 of the Dungeon.
You worshipped Trog.
Trog was greatly pleased with you.
You visited 1 branch of the dungeon, and saw 8 of its levels.
You also visited: Ossuary.

You collected 279 gold pieces.

Inventory:

Hand Weapons
 a - a +0 hand axe {Bastian}
 d - a +4 morningstar
 g - a +2 dagger of flaming
 r - a +0 dagger of flaming (offhand) {Æðelind}
 D - a +2 dagger of electrocution (weapon) {Raúl}
Missiles
 e - 18 poisoned darts (quivered)
Armour
 c - a +0 plate armour (worn)
 j - a +0 ring mail
 E - a +0 cloak (worn)
Jewellery
 k - a ring of see invisible (left grasper)
 A - a ring of fire
 F - an amulet of reflection
 K - a +4 ring of protection
Wands
 y - a wand of flame (19)
 B - a wand of digging (9)
Scrolls
 f - 3 scrolls of silence {unknown}
 i - 2 scrolls of noise {unknown}
 l - a scroll of fear
 m - a scroll of teleportation
 s - a scroll of enchant weapon {unknown}
 t - 2 scrolls of brand weapon {unknown}
 u - 3 scrolls of immolation {unknown}
 C - a scroll of fog {unknown}
 H - 2 scrolls of revelation {unknown}
 I - a scroll of torment {unknown}
Potions
 h - a potion of magic
 n - 4 potions of resistance {unknown}
 o - a potion of brilliance
 p - a potion of enlightenment
 q - 2 potions of mutation
 v - a potion of heal wounds {unknown}
 w - 2 potions of attraction {unknown}
 x - 2 potions of lignification {unknown}
 z - 2 potions of might {unknown}
 G - a potion of haste {unknown}
 L - a potion of degeneration {unknown}


   Skills:
 + Level 8.6 Fighting
 - Level 2.1 Short Blades
 + Level 8.5 Axes
 + Level 7.5 Armour
 - Level 3.2 Dodging


You had 9 spell levels left.
You didn't know any spells.
Your spell library was empty.

Dungeon Overview and Level Annotations

Branches:
Dungeon (8/15)             Temple (0/1) D:5         Ossuary (visited)
   Lair: D:8-11

Altars:
Cheibriados
Uskayaw
Zin

Annotations:
D:6 Jeremiah
D:8 1 transporter, lucidstorm14's ghost, novice MiBe


Innate Abilities, Weirdness & Mutations

You can wield a second weapon in your off-hand.
It takes a long time for you to wield or remove held weapons.
Your first few attacks do less damage.
Attacking and casting redirects power from your legs.
You possess an exceptional clarity of mind.
Your natural rate of healing is unusually fast.
You occasionally lose the ability to read scrolls when taking damage.


Message History

The wight hits you with a +0 mace!
You feel threatened and lose the ability to read scrolls!
You feel drained. The gnoll hits you but does no damage.
The gnoll hits you from afar with a +0 halberd.
You hit the wight but do no damage. Lightning courses through the wight!
You destroy the wight!
Trog accepts your kill. The wight hits you with a +7 hand axe.
* * * LOW HITPOINT WARNING * * *
The gnoll closely misses you. The gnoll hits you but does no damage.
The gnoll barely misses you.
The gnoll hits you from afar with a +0 halberd!
* * * LOW HITPOINT WARNING * * *
The wight hits you with a +7 hand axe.
* * * LOW HITPOINT WARNING * * *
You cannot read scrolls in your current state!
Unknown command.
Unknown command.
You feel better.
You are no longer unable to travel.
The wight hits you but does no damage. The gnoll hits you but does no damage.
The wight hits you but does no damage.
The gnoll hits you from afar with a +0 halberd!
* * * LOW HITPOINT WARNING * * *
Unknown command.
You cannot read scrolls in your current state!
Unknown command.
Okay, then.
The wight hits you with a +7 hand axe.
* * * LOW HITPOINT WARNING * * *
You feel drained.
* * * LOW HITPOINT WARNING * * *
The gnoll barely misses you. The gnoll closely misses you.
The wight hits you with a +4 falchion.
* * * LOW HITPOINT WARNING * * *
You feel drained.
The gnoll hits you from afar with a +0 halberd.
* * * LOW HITPOINT WARNING * * *
The wight hits you with a +7 hand axe!
You die...

... ## .##.##......#####
.#W....#.....#..........#
...#..©..##5©#......###.#
..##. ......#......#
....# #..W##......#
#.5... .55#.......###
##W### #####†........#
.###©####....†..g$..#.#
..........>.)...@zg...#
............)...)z......
....................#...
............$...........'
....................###
....................#
...h.<..............#
...z................#
...z.........


You could see 2 wights and 2 gnolls.

Vanquished Creatures
  Maurice (D:7)
  Sigmund (D:2)
  A steam dragon (D:8)
  2 water moccasins
  3 black bears
  A sky beast (D:7)
  2 ogres
  2 phantoms
  2 kobold brigands
  3 bullfrogs
  2 elf zombies (Ossuary)
  A gnoll sergeant (D:8)
  2 scorpions (D:5)
  5 wights
  7 killer bees
  2 howler monkeys (D:8)
  A bombardier beetle (D:7)
  A human zombie (Ossuary)
  3 centaur zombies (Ossuary)
  2 orc priests
  4 hounds
  A sleepcap (D:7)
  2 iguanas
  Natasha (twice) (D:4)
  6 hound zombies (Ossuary)
  2 mummies (Ossuary)
  Robin (D:3)
  2 gnolls (D:8)
  4 adders
  A shadow imp (D:5)
  A white imp (D:8)
  7 adder zombies (Ossuary)
  4 dart slugs
  2 ribbon worms (D:2)
  21 orcs
  8 ball pythons
  11 endoplasms
  6 giant cockroaches
  5 gnoll zombies (Ossuary)
  27 goblins
  10 hobgoblins
  7 jackals
  6 kobolds
  A quokka (D:2)
  6 bats
  3 frilled lizards
  4 jackal zombies (Ossuary)
  4 kobold zombies (Ossuary)
  5 orc zombies (Ossuary)
  3 rats
210 creatures vanquished.

Notes
Turn   | Place    | Note
-------+----------+-------------------------------------------
     0 | D:1      | dialectric the Coglin Berserker began the quest for the
                  | Orb.
     0 | D:1      | Reached XP level 1. HP: 18/18 MP: 1/1
    91 | D:1      | Reached XP level 2. HP: 22/24 MP: 2/2
   146 | D:1      | Reached XP level 3. HP: 25/29 MP: 3/3
   474 | D:1      | Found a faded altar of an unknown god.
   682 | D:2      | Reached ** piety under Trog
   683 | D:2      | Reached XP level 4. HP: 23/35 MP: 4/4
  1347 | D:2      | Noticed Sigmund
  1364 | D:2      | Killed Sigmund
  1365 | D:2      | Reached XP level 5. HP: 42/42 MP: 5/5
  1365 | D:2      | Reached XP level 6. HP: 48/48 MP: 6/6
  1690 | D:3      | Gained mutation: Your natural rate of healing is unusually
                  | fast. [potion of mutation]
  1690 | D:3      | Gained mutation: You occasionally lose the ability to read
                  | scrolls when taking damage. [potion of mutation]
  1690 | D:3      | Gained mutation: You possess an exceptional clarity of
                  | mind. [potion of mutation]
  1790 | D:3      | Found a hide-covered altar of Uskayaw.
  2015 | D:3      | Noticed Robin
  2024 | D:3      | Killed Robin
  2070 | D:3      | Reached XP level 7. HP: 47/55 MP: 7/7
  2407 | D:4      | Reached *** piety under Trog
  2412 | D:4      | Reached skill level 5 in Fighting
  2412 | D:4      | Reached skill level 5 in Axes
  2431 | D:4      | Found a sand-covered staircase.
  2440 | Ossuary  | Entered an ossuary
  2595 | Ossuary  | Reached XP level 8. HP: 63/63 MP: 8/8
  2602 | Ossuary  | Reached **** piety under Trog
  2780 | D:4      | Reached skill level 5 in Armour
  2921 | D:4      | Noticed Natasha
  2930 | D:4      | Killed Natasha
  3257 | D:4      | Noticed Natasha
  3272 | D:4      | Killed Natasha
  3485 | D:5      | Entered Level 5 of the Dungeon
  3774 | D:5      | Reached XP level 9. HP: 45/72 MP: 9/9
  3911 | D:5      | You fall into a shaft and drop 3 floors!
  4051 | D:8      | Noticed lucidstorm14's ghost (novice MiBe)
  4104 | D:7      | Noticed Maurice
  4111 | D:7      | Maurice stole a ring of fire
  4123 | D:7      | Maurice stole 18 poisoned darts
  4125 | D:7      | Maurice stole 216 gold
  4195 | D:7      | Maurice stole a +4 morningstar
  4209 | D:7      | Killed Maurice
  4509 | D:7      | Found a snail-covered altar of Cheibriados.
  4887 | D:7      | Reached skill level 1 in Short Blades
  5137 | D:6      | Noticed Jeremiah
  5179 | D:5      | Found a staircase to the Ecumenical Temple.
  5239 | D:5      | Found a glowing silver altar of Zin.
  5588 | D:8      | Found a transporter.
  5608 | D:7      | Reached XP level 10. HP: 81/81 MP: 10/10
  5692 | D:8      | HP: 2/74 [gnoll/+0 halberd[a gnoll sergeant] (6)]
  5692 | D:8      | Slain by a wight

Illustrated notes

Levels and vault maps discovered:
D:1:      lightli_arrival_boilingwater, layout_basic,
          shapermc_ecumenical_altar_rom_forum, minmay_pentomino_z2
D:2:      layout_loops_corners, uniq_sigmund
D:3:      layout_loops_ring, nicolae_uskayaw_murder_on_the_dancefloor,
          kennysheep_generic_room_16, uniq_robin
D:4:      layout_gridville, enter_ossuary_1, uniq_natasha
D:5:      layout_rooms, zin_treasury, minmay_temple_entry_statues_fountains,
          abandoned_shop, kennysheep_generic_room_13
D:6:      layout_rooms, mainiacjoe_overflow_small_starburst,
          gup_sewer_entry_bubbles, serial_shops, shop, minmay_ogre_servants,
          uniq_jeremiah, uniq_pikel
D:7:      layout_gridville, cheibriados_altar_1, water_maze_lemuel, uniq_maurice
D:8:      layout_basic, nicolae_overflow_hidden_temple,
          gammafunk_ghost_stat_death, uniq_prince_ribbit1, uniq_erica

Skill      XL: |  1  2  3  4  5  6  7  8  9 10 |
---------------+-------------------------------+-----
Armour         | 2 3 4 5 7 |  7.5
Dodging        | 2 3 |  3.2
Fighting       | 4 5 7 8 |  8.6
Axes           | 4 5 6 8 |  8.5
Short Blades   | 1 2 |  2.1

Action                     |  1- 3 |  4- 6 |  7- 9 | 10-12 || total
---------------------------+-------+-------+-------+-------++-------
  Melee: Hand axe          |    83 |   142 |   380 |       ||   605
         Dagger            |       |       |   515 |    57 ||   572
  Throw: Dart              |       |       |    19 |       ||    19
 Invoke: Berserk           |       |     3 |    10 |     2 ||    15
         Trog's Hand       |       |       |     2 |       ||     2
  Evoke: Wand              |       |       |     8 |       ||     8
    Use: Potion            |       |     4 |     3 |     1 ||     8
         Scroll            |       |     3 |     5 |       ||     8
 Armour: Animal skin       |    22 |       |       |       ||    22
         Ring mail         |     7 |    75 |   336 |       ||   418
         Plate armour      |       |       |    83 |    69 ||   152
  Dodge: Dodged            |    56 |    91 |   337 |    31 ||   515

Table legend: (Time is in decaauts)
 A = Elapsed time spent in this place.
 B = Non-inter-level travel time spent in this place.
 C = Inter-level travel time spent in this place.
 D = Time resting spent in this place.
 E = Time spent auto-exploring this place.
 F = Levels seen in this place.
 G = Mean time per level.
                   A        B        C        D        E       F      G
               +--------+--------+--------+--------+--------+-----+--------+
         Total |   5840 |   5684 |    156 |     95 |   3738 |   9 |  648.9 |
       Dungeon |   5543 |   5387 |    156 |     95 |   3662 |   8 |  692.9 |
       Ossuary |    297 |    297 |      0 |      0 |     76 |   1 |  297.0 |
               +--------+--------+--------+--------+--------+-----+--------+

Top non-repeatable levels by time:
     D:7: 1285 daAuts
     D:2: 1067 daAuts
     D:4: 869 daAuts
     D:3: 692 daAuts
     D:1: 626 daAuts
     D:5: 622 daAuts
 Ossuary: 297 daAuts
     D:8: 261 daAuts
     D:6: 117 daAuts
